 Dungeon Crawl Stone Soup version 0.32-a0-913-g739538afd8 (webtiles) character file.

Game seed: 4666711696945505229

4909 Autsider the Frost Mage (level 10, -2/83 HPs)
             Began as a Ghoul Ice Elementalist on Apr 7, 2024.
             Was a Follower of Sif Muna.
             Killed from afar by a tengu conjurer (19 damage)
             ... with a bolt of lightning
             ... on level 9 of the Dungeon.
             The game lasted 00:29:28 (8910 turns).

Autsider the Frost Mage (Ghoul Ice Elementalist)    Turns: 8910, Time: 00:29:28

Health: -2/83      AC: 16    Str: 13    XL:     10   Next: 51%
Magic:  20/27      EV: 11    Int: 18    God:    Sif Muna [*.....]
Gold:   424        SH:  0    Dex:  9    Spells: 9/19 levels left

rFire   . . .        P - +0 arbalest
rCold   + . .        (shield currently unavailable)
rNeg    + + +        a - +0 robe
rPois   ∞            (no helmet)
rElec   .            (no cloak)
rCorr   .            e - +0 pair of gloves
SInv    .            (no boots)
Will    .....        G - amulet of the acrobat
Stlth   ++           y - ring of magical power
HPRegen 0.00/turn    s - +4 ring of protection
MPRegen 0.20/turn

%: acrobat
@: ice-armoured, inhibited regen
A: claws 1, cold resistance 1, negative energy resistance 3, inhibited
regeneration, torment resistance 2, devour on kill
a: Renounce Religion, Channel Magic


You were on level 9 of the Dungeon.
You worshipped Sif Muna.
Sif Muna was aware of your devotion.
You visited 2 branches of the dungeon, and saw 10 of its levels.
You also visited: Sewer.

You collected 424 gold pieces.

Inventory:

Hand Weapons
 c - a +1 sling
 N - a +0 vampiric spear
 P - a +0 arbalest (weapon)
 Q - a -1 demon whip of venom
Missiles
 i - 6 silver javelins
 l - a throwing net
 A - 5 curare-tipped darts
Armour
 a - a +0 robe (worn)
 e - a +0 pair of gloves (worn)
 u - a +1 leather armour of willpower
 v - a +0 buckler
 E - an orb of energy
Jewellery
 g - a ring of ice
 s - a +4 ring of protection (right hand)
 y - a ring of magical power (left hand)
 G - an amulet of the acrobat (around neck)
Wands
 f - a wand of flame (17)
Scrolls
 d - a scroll of fog
 h - a scroll of enchant weapon
 j - a scroll of amnesia
 o - a scroll of vulnerability {unknown}
 p - 2 scrolls of teleportation {@r2}
 q - a scroll of revelation
 r - a scroll of blinking {unknown}
 t - 3 scrolls of identify {@r1}
 w - a scroll of enchant armour
 x - a scroll of noise
 M - a scroll of summoning {unknown}
 O - a scroll of fear {unknown}
 R - a scroll of brand weapon {unknown}
Potions
 b - 3 potions of magic
 m - 4 potions of haste
 n - 3 potions of heal wounds {@q2}
 z - a potion of invisibility {unknown}
 B - 3 potions of curing
 D - a potion of attraction {unknown}
 F - a potion of degeneration {unknown}
 H - a potion of might {unknown}
 I - a potion of brilliance {unknown}
 J - a potion of mutation {unknown}
 K - a potion of resistance {unknown}
 L - a potion of enlightenment {unknown}


   Skills:
 + Level 5.6 Fighting
 - Level 5.0 Armour
 - Level 1.7 Dodging
 - Level 2.1 Stealth
 - Level 5.0 Shields
 + Level 5.4 Spellcasting
 + Level 10.3 Ice Magic
 + Level 5.7 Invocations


You had 9 spell levels left.
You knew the following spells:

 Your Spells              Type           Power      Damage    Failure   Level
a - Freeze                Ice            100%       1d10      1%          1
b - Frozen Ramparts       Ice            84%        1d13      1%          3
c - Ozocubu's Armour      Ice            42%        N/A       1%          3
A - Summon Ice Beast      Ice/Summ       23%        N/A       4%          3

Your spell library contained the following spells:

 Spells                   Type           Power      Damage    Failure   Level
 Ensorcelled Hibernation  Hex/Ice        46%        N/A       2%          2
 Apportation              Tloc           8%         N/A       13%         1
 Shock                    Conj/Air       16%        1d4       13%         1
 Summon Small Mammal      Summ           16%        N/A       13%         1
 Blink                    Tloc           8%         N/A       19%         2
 Jinxbite                 Hex            8%         N/A       19%         2
 Lesser Beckoning         Tloc           8%         N/A       19%         2
 Momentum Strike          Conj/Tloc      8%         3d8       19%         2
 Call Canine Familiar     Summ           4%         N/A       36%         3
 Dazzling Flash           Conj/Hex       8%         N/A       36%         3
 Fugue of the Fallen      Necr           4%         N/A       36%         3
 Sigil of Binding         Hex            4%         N/A       36%         3
 Swiftness                Air            4%         N/A       36%         3
 Airstrike                Air            2%         2d(1-17)  77%         4
 Anguish                  Hex/Necr       2%         N/A       77%         4
 Summon Blazeheart Golem  Fire/Summ      4%         N/A       77%         4
 Sculpt Simulacrum        Ice/Alch       11%        N/A       93%         6
 Alistair's Intoxication  Alch           2%         N/A       98%         5
 Yara's Violent Unravell  Hex/Alch       2%         3d3       98%         5
 Death Channel            Necr           2%         N/A       100%        6
 Starburst                Conj/Fire      2%         6d3       100%        6
 Enfeeble                 Hex            2%         N/A       100%        7
 Maxwell's Capacitive Co  Air            2%         ∞         100%        8


Dungeon Overview and Level Annotations

Branches:
Dungeon (9/15)             Temple (1/1) D:4           Sewer (visited)
   Lair: D:8-11         Orc: D:9-12

Altars:
Ashenzari
Cheibriados
Fedhas
Gozag
Hepliaklqana
Kikubaaqudgha
Makhleb
Nemelex Xobeh
Qazlal
Ru
Sif Muna
Trog
Uskayaw
Vehumet
Wu Jian
Xom
Yredelemnul

Annotations:
D:7 exclusion: downstairs
D:8 3 runed translucent doors, exclusion: downstairs, ShinMegamiTenseiJew's ghost, novice CoAr; Snaaty's ghost, novice GrEE; Xoff's ghost, novice GnCj; senseless's ghost, novice MiFi


Innate Abilities, Weirdness & Mutations

You are immune to poison.
You have sharp fingernails.
Your flesh is cold resistant. (rC+)
You are immune to negative energy. (rN+++)
You do not regenerate when monsters are visible.
You are immune to unholy pain and torment.
You thrive by killing the living.


Message History

The orc warrior moves out of view.
You hear a shout!
A battlesphere comes into view.
Fire: P) +0 arbalest
Press: ? - help, Shift-Dir - straight line, f - battlesphere
Aim: a battlesphere (not watching you, 72% to hit)
You shoot a bolt. The bolt hits the battlesphere.
The battlesphere is lightly damaged.
The battlesphere completely resists.
The wall freezes the battlesphere but does no damage.
The battlesphere completely resists.
The wall freezes the battlesphere but does no damage.
Fire: P) +0 arbalest
Press: ? - help, Shift-Dir - straight line, f/p - battlesphere
Aim: a battlesphere (lightly damaged, 72% to hit)
You shoot a bolt.
The bolt hits the battlesphere but does no damage.
The battlesphere is lightly damaged.
The wall freezes the battlesphere but does no damage. x2
The battlesphere completely resists.
The wall freezes the battlesphere but does no damage.
The battlesphere completely resists.
The wall freezes the battlesphere but does no damage.
An orc priest comes into view. It is wielding a +1 heavy hand axe.
The battlesphere completely resists.
The wall freezes the battlesphere but does no damage.
The wall freezes the tengu conjurer.
The tengu conjurer gestures at you while chanting.
The bolt of lightning hits you!! The bolt of lightning hits you!
* * * LOW HITPOINT WARNING * * *
The orc priest moves out of view.
You hear a shout!
You hear an angry buzzing noise. x4; You hear a shout!
Casting: Frozen Ramparts (safe; 1% risk of failure)
Confirm with . or Enter, or press ? or * to list all spells.
A chill wind blows around you.
The frozen ramparts melt away.
The tengu conjurer casts a spell at you.
The bolt of lightning hits you!!
* * * LOW HITPOINT WARNING * * *
The bolt of lightning hits you!!
You die...

######### #.......#
#.......# #......#
..#######......#
......Y@.......#
########)##....####
#...)Q.#.......#
#.####.###.....#
y.#o*.#.....#
.###.(.....#
D.#o#o....#
###.#.#.....#
#...#.#.....#


You could see a tengu conjurer (ally target), an orc warrior, an orc priest, a
battlesphere and a friendly ice beast (summoned).

Vanquished Creatures
  Amaemon (D:8)
  A deep elf pyromancer (D:7)
  An orange demon (D:8)
  Maggie (D:8)
  A troll (D:9)
  2 wyverns
  A steam dragon (D:9)
  An acid dragon (D:8)
  2 water moccasins
  An orc warrior (D:9)
  A sky beast (D:5)
  2 black bears
  An ogre (D:6)
  A bullfrog (D:8)
  2 kobold brigands
  A gnoll sergeant (D:7)
  A scorpion (D:4)
  3 wights
  A killer bee (D:9)
  A howler monkey (D:8)
  A bombardier beetle (D:3)
  A gnoll bouda (D:7)
  A hound (D:5)
  A hell rat (Sewer)
  5 iguanas
  4 orc wizards
  13 adders
  9 gnolls
  2 river rats (Sewer)
  3 ribbon worms
  3 dart slugs
  26 orcs
  11 endoplasms
  3 giant cockroaches
  7 goblins
  13 hobgoblins
  4 jackals (D:1)
  7 kobolds
  2 quokkas
  11 ball pythons
  4 bats
  2 frilled lizards
  10 rats
169 creatures vanquished.

Vanquished Creatures (collateral kills)
  The ghost of zyxw121 the Sneak, an amateur HuBr (D:4)
  An orc warrior (D:8)
  A sky beast (D:6)
  A bullfrog (D:8)
  A scorpion (D:5)
  3 wights
  An orc wizard (D:6)
  A sleepcap (D:5)
  4 gnolls
  3 orcs
  A kobold (D:8)
  A rat (Sewer)
19 creatures vanquished.

Vanquished Creatures (others)
  An angel (D:8)
1 creature vanquished.

Grand Total: 189 creatures vanquished

Notes
Turn   | Place    | Note
-------+----------+-------------------------------------------
     0 | D:1      | Autsider the Ghoul Ice Elementalist began the quest for the
                  | Orb.
     0 | D:1      | Reached XP level 1. HP: 14/14 MP: 3/3
   129 | D:1      | Reached XP level 2. HP: 20/20 MP: 0/5
   417 | D:1      | Reached XP level 3. HP: 26/26 MP: 6/6
   435 | D:1      | Reached skill level 5 in Ice Magic
   760 | D:1      | You fall into a shaft and drop 1 floor!
   842 | D:2      | Learned a level 3 spell: Frozen Ramparts
   846 | D:2      | Learned a level 3 spell: Ozocubu's Armour
  1562 | D:2      | Reached XP level 4. HP: 31/33 MP: 5/8
  2106 | D:3      | Noticed a water moccasin
  2111 | D:3      | Killed a water moccasin
  2112 | D:3      | Reached skill level 6 in Ice Magic
  2112 | D:3      | Reached XP level 5. HP: 38/38 MP: 2/10
  2233 | D:3      | Learned a level 3 spell: Summon Ice Beast
  2362 | D:3      | Reached XP level 6. HP: 40/45 MP: 4/11
  2859 | D:3      | Found a blossoming altar of Fedhas.
  2865 | D:3      | Found a hide-covered altar of Uskayaw.
  3765 | D:4      | Noticed a water moccasin
  3770 | D:4      | Killed a water moccasin
  3771 | D:4      | Reached skill level 1 in Shields
  3771 | D:4      | Reached skill level 7 in Ice Magic
  3771 | D:4      | Reached XP level 7. HP: 50/50 MP: 6/13
  3827 | D:4      | Found a staircase to the Ecumenical Temple.
  3866 | Temple   | Entered the Ecumenical Temple
  3960 | D:4      | Found a runed translucent door.
  3960 | D:4      | Noticed zyxw121's ghost (amateur HuBr)
  3972 | D:4      | Killed zyxw121's ghost
  4125 | D:5      | Entered Level 5 of the Dungeon
  4410 | D:5      | Reached skill level 5 in Spellcasting
  4410 | D:5      | Reached XP level 8. HP: 54/57 MP: 5/15
  4906 | D:5      | Reached skill level 8 in Ice Magic
  5060 | D:6      | Found a glowing drain.
  5083 | Sewer    | Entered a sewer
  5510 | D:6      | Found a shimmering blue altar of Sif Muna.
  5518 | D:6      | Became a worshipper of Sif Muna the Loreminder
  6294 | D:7      | Reached skill level 9 in Ice Magic
  6374 | D:7      | Reached skill level 5 in Shields
  6432 | D:7      | Reached XP level 9. HP: 18/62 MP: 7/16
  6823 | D:7      | Noticed a deep elf pyromancer
  6853 | D:7      | Killed a deep elf pyromancer
  6854 | D:7      | Reached skill level 10 in Ice Magic
  7068 | D:7      | Noticed a boulder beetle
  7341 | D:8      | Reached * piety under Sif Muna
  7361 | D:8      | Killed an angel
  7421 | D:8      | Noticed Amaemon
  7421 | D:8      | Noticed an orange demon
  7487 | D:8      | Found a shimmering altar of Xom.
  7491 | D:8      | Noticed Maggie
  7596 | D:8      | HP: 1/72 [wight/+0 falchion (8)]
  7860 | D:8      | Found a bloodstained altar of Trog.
  7861 | D:8      | Found a sacrificial altar of Ru.
  7868 | D:8      | Reached skill level 5 in Fighting
  7972 | D:8      | Killed an orange demon
  7973 | D:8      | Reached skill level 5 in Armour
  7973 | D:8      | Reached skill level 1 in Invocations
  7973 | D:8      | Killed Amaemon
  7974 | D:8      | Reached XP level 10. HP: 59/81 MP: 4/17
  8058 | D:8      | Killed Maggie
  8059 | D:8      | Reached skill level 5 in Invocations
  8213 | D:8      | Found a broken altar of Ashenzari.
  8545 | D:8      | Found a runed translucent gate.
  8546 | D:8      | Found a runed translucent gate.
  8547 | D:8      | Found a runed translucent gate.
  8548 | D:8      | Noticed Xoff's ghost (novice GnCj)
  8549 | D:8      | Noticed senseless's ghost (novice MiFi)
  8549 | D:8      | Noticed ShinMegamiTenseiJew's ghost (novice CoAr)
  8549 | D:8      | Noticed Snaaty's ghost (novice GrEE)
  8735 | D:9      | Noticed a boulder beetle
  8910 | D:9      | Killed from afar by a tengu conjurer

Illustrated notes

Levels and vault maps discovered:
D:1:      psy_arrival_radial02, layout_basic, kennysheep_pointless_box,
          st_stairs_4
D:2:      layout_rooms, serial_co_window_serial, co_window_paths_a,
          co_window_paths_a, co_window_paths_b, co_window_paths_b,
          co_window_corner_a, co_window_broadway_a, co_window_of_opportunity_b,
          co_window_broadway_a, co_window_unsneaky_path_a, glass_columns_a,
          glass_columns_a, glass_columns_a, glass_columns_b, glass_columns_a
D:3:      layout_basic, jmf_multi_god_temple2, serial_bayou_pond_a,
          serial_bayou_pond_b
D:4:      layout_cave_pools, minmay_temple_entry_crystal_x,
          gammafunk_ghost_grave, kennysheep_generic_room_11
D:5:      layout_cave_pools, minmay_misc_feat_iff, kennysheep_generic_room_3
D:6:      layout_basic, mainiacjoe_overflow_24_doors,
          mainiacjoe_sewer_entry_somewhere_in_here_2
D:7:      minmay_blocky_corners, layout_basic, guppyfry_early_elven_hall
D:8:      layout_basic, grunt_temple_overflow_order_and_chaos_1,
          lemuel_round_altar, gammafunk_temple_overflow_wave,
          gammafunk_ghost_cemetery, uniq_amaemon, uniq_maggie
D:9:      layout_irregular_city, mainiacjoe_overflow_cross_hatched,
          amcnicky_mini_corridor_feature, nicolae_doodle_vault, uniq_grum
Temple:   nicolae_temple_no_exploring_needed

Skill      XL: |  1  2  3  4  5  6  7  8  9 10 |
---------------+-------------------------------+-----
Spellcasting   | 2 3 4 5 |  5.4
Ice Magic      | 5 6 7 9 10 | 10.3
Shields        | 1 2 5 |  5.0
Fighting       | 5 |  5.6
Armour         | 5 |  5.0
Invocations    | 4 5 |  5.7
Dodging        | |  1.7
Stealth        | |  2.1

Action                     |  1- 3 |  4- 6 |  7- 9 | 10-12 || total
---------------------------+-------+-------+-------+-------++-------
  Melee: Unarmed           |    11 |       |       |       ||    11
         Short sword       |       |       |     4 |       ||     4
         Spear             |       |       |     7 |    17 ||    24
   Fire: Sling             |    83 |   121 |   213 |       ||   417
         Arbalest          |       |       |       |    12 ||    12
   Cast: Freeze            |    47 |     6 |       |     4 ||    57
         Frozen Ramparts   |       |    23 |    41 |     7 ||    71
         Ozocubu's Armour  |       |     3 |    16 |     3 ||    22
         Summon Ice Beast  |       |       |    28 |     5 ||    33
    Use: Scroll            |       |     1 |    12 |       ||    13
         Potion            |       |       |     1 |       ||     1
 Armour: Robe              |    35 |    31 |   104 |    33 ||   203
  Dodge: Dodged            |    38 |    31 |    68 |    30 ||   167
  Block: Buckler           |       |     3 |    24 |     4 ||    31

Table legend: (Time is in decaauts)
 A = Elapsed time spent in this place.
 B = Non-inter-level travel time spent in this place.
 C = Inter-level travel time spent in this place.
 D = Time resting spent in this place.
 E = Time spent auto-exploring this place.
 F = Levels seen in this place.
 G = Mean time per level.
                   A        B        C        D        E       F      G
               +--------+--------+--------+--------+--------+-----+--------+
         Total |   9128 |   8695 |    433 |    780 |   6173 |  11 |  829.8 |
       Dungeon |   8916 |   8483 |    433 |    780 |   6018 |   9 |  990.7 |
        Temple |      1 |      1 |      0 |      0 |      0 |   1 |    1.0 |
         Sewer |    210 |    210 |      0 |      0 |    154 |   1 |  210.0 |
               +--------+--------+--------+--------+--------+-----+--------+

Top non-repeatable levels by time:
     D:8: 1674 daAuts
     D:1: 1405 daAuts
     D:3: 1309 daAuts
     D:6: 1075 daAuts
     D:7: 948 daAuts
     D:5: 850 daAuts
     D:4: 798 daAuts
     D:2: 711 daAuts
   Sewer: 210 daAuts
     D:9: 143 daAuts
  Temple: 1 daAuts
